 Dungeon Crawl Stone Soup version 0.24-a0-584-g9d6b971ae4 (webtiles) character file.

Game seed: 8398802151915961800, levelgen mode: deterministic

81 Mithandil the Skirmisher (level 4, -2/35 HPs)
             Began as a Demonspawn Abyssal Knight on Sept 3, 2019.
             Was a Follower of Lugonu.
             Slain by an orc
             ... wielding a +0 short sword
              (3 damage)
             ... on level 2 of the Dungeon.
             The game lasted 00:06:14 (1833 turns).

Mithandil the Skirmisher (DsAK)                     Turns: 1833, Time: 00:06:14

Health: -2/35      AC:  6    Str: 14    XL:     4   Next: 19%
Magic:  6/6        EV: 11    Int: 13    God:    Lugonu [*.....]
Gold:   118        SH:  0    Dex: 12    Spells: 3/3 levels left

rFire    . . .     SeeInvis .   a - +1 falchion
rCold    . . .     Gourm    .   (no shield)
rNeg     . . .     Faith    .   o - +0 leather armour
rPois    .         Spirit   .   g - +0 helmet
rElec    .         Reflect  .   (no cloak)
rCorr    .         Harm     .   (no gloves)
MR       .....                  (no boots)
Stlth    +.........             (no amulet)
HPRegen  0.11/turn              (no ring)
MPRegen  0.10/turn              (no ring)

@: lethally poisoned (-2 -> -7)
A: icy blue scales 1, demonic guardian 1
a: Depart the Abyss, Renounce Religion


You were on level 2 of the Dungeon.
You worshipped Lugonu.
Lugonu was aware of your devotion.
You were not hungry.

You visited 1 branch of the dungeon, and saw 3 of its levels.
You visited the Abyss 1 time.

You collected 118 gold pieces.

Inventory:

Hand Weapons
 a - a +1 falchion (weapon)
 b - a +0 trident
 p - a +0 hunting sling
Missiles
 h - 53 stones
 i - 23 sling bullets
 l - 34 poisoned darts (quivered)
Armour
 g - a +0 helmet (worn)
 o - a +0 leather armour (worn)
Scrolls
 d - 4 scrolls of identify {unknown}
 e - a scroll of amnesia {unknown}
 f - a scroll of enchant weapon {unknown}
 j - a scroll of fog {unknown}
 k - 3 scrolls of noise {unknown}
 m - 2 scrolls of remove curse {unknown}
Comestibles
 c - 2 rations
 n - 3 chunks of flesh


   Skills:
 + Level 3.2 Fighting
 * Level 2.7 Long Blades
 + Level 2.1 Armour
 + Level 1.3 Dodging
 + Level 1.0 Stealth
 + Level 1.0 Unarmed Combat
 + Level 2.9 Invocations


You had 3 spell levels left.
You didn't know any spells.
Your spell library was empty.

Dungeon Overview and Level Annotations

Branches:
Dungeon (3/15)

Altars:


Innate Abilities, Weirdness & Mutations

You are partially covered in icy blue scales. (AC +2)
A weak demonic guardian rushes to your aid.


Message History

Your Unarmed Combat skill increases to level 1!
You have reached level 4!
You feel stronger.
Your demonic ancestry asserts itself...
You feel the presence of a demonic guardian.
The adder bites you but does no damage. The orc hits you but does no damage. x2
The orc closely misses you.
You riposte.
You hit the orc.
The orc is moderately wounded.
The adder barely misses you.
You riposte.
You miss the adder. You miss the adder. The orc hits you but does no damage.
The adder bites you but does no damage. The orc hits you with a +0 short sword.
* * * LOW HITPOINT WARNING * * *
You hit the adder.
The adder is moderately wounded.
The adder bites you.
* * * LOW HITPOINT WARNING * * *
You are lethally poisoned!
The adder poisons you! The orc hits you with a +0 dagger.
* * * LOW HITPOINT WARNING * * *
The orc hits you with a +0 short sword.
You die...

# .########. .
...[...<.. #.
.#.#######
###.##########
......
.............
r.....
#.#)....####.
.....#
#..........S. .###
#....)o.########
#...5@o.# #...#
#.....S.# #.#.#
#.......# #.#.#
#.......# #.#.#
#.#######..######
#.#.#
#.....รท....#
#.#.# ##.######.##
#.#.#
###'##########.#.#
#..............#.#


You could see an adder, 2 orcs and a friendly shadow imp.

Vanquished Creatures
  An orc wizard (D:2)
  An adder (D:2)
  A worm (D:2)
  A dart slug (D:1)
  2 leopard geckos
  4 orcs (D:2)
  2 bats (D:1)
  3 goblins
  5 hobgoblins
  4 jackals (D:1)
  4 frilled lizards
  4 kobolds (D:1)
  5 rats
37 creatures vanquished.

Notes
Turn   | Place    | Note
-------+----------+-------------------------------------------
     0 | Abyss:1  | Mithandil the Demonspawn Abyssal Knight began the quest for
                  | the Orb.
     0 | Abyss:1  | Reached XP level 1. HP: 18/18 MP: 2/2
    71 | Abyss:2  | Noticed a ynoxinul
    72 | D:1      | Escaped the Abyss
   155 | D:1      | Reached skill level 1 in Dodging
   172 | D:1      | Reached * piety under Lugonu
   177 | D:1      | Gained mutation: You are partially covered in icy blue
                  | scales. (AC +2) [demonic ancestry]
   177 | D:1      | Reached XP level 2. HP: 15/24 MP: 3/3
   524 | D:1      | Reached XP level 3. HP: 29/29 MP: 4/4
  1831 | D:2      | Reached skill level 1 in Stealth
  1831 | D:2      | Reached skill level 1 in Unarmed Combat
  1831 | D:2      | Gained mutation: A weak demonic guardian rushes to your
                  | aid. [demonic ancestry]
  1831 | D:2      | Reached XP level 4. HP: 8/35 MP: 6/6
  1833 | D:2      | HP: 1/35 [orc/+0 dagger (2)]
  1833 | D:2      | Slain by an orc

Levels and vault maps discovered:
D:1:      minmay_arrival_diagonal_passages, layout_loops_ring
D:2:      layout_basic
D:3:      layout_basic

Skill      XL: |  1  2  3 |
---------------+----------+-----
Dodging        | 1 |  1.3
Long Blades    | 2 |  2.7
Armour         | 2 |  2.1
Stealth        | 1 |  1.0
Unarmed Combat | 1 |  1.0
Fighting       | |  3.2
Invocations    | |  2.9

Action                   |  1- 3 |  4- 6 || total
-------------------------+-------+-------++-------
Melee: Falchion          |   106 |     2 ||   108
       Trident           |    23 |       ||    23
       Punch             |     1 |       ||     1
Invok: Depart the Abyss  |     1 |       ||     1
  Use: Potion            |     1 |       ||     1
 Stab: Sleeping          |     1 |       ||     1
  Eat: Chunk             |     3 |       ||     3
Armor: Leather armour    |    52 |     4 ||    56
Dodge: Dodged            |    93 |     2 ||    95
       Rpst.: Falchion   |    22 |     2 ||    24

Table legend:
 A = Non-vault XP
 B = Vault XP
 C = Vault XP percentage of total XP
 D = Non-vault monster count
 E = Vault monster count
 F = Vault count percentage of total count
                 A         B        C        D         E       F
            +---------+---------+-------+---------+---------+-------
      Total |     116 |       0 |   0.0 |      37 |       0 |   0.0
            +---------+---------+-------+---------+---------+-------
        D:1 |      42 |       0 |   0.0 |      25 |       0 |   0.0
        D:2 |      72 |       0 |   0.0 |      11 |       0 |   0.0
        D:3 |       2 |       0 |   0.0 |       1 |       0 |   0.0
            +---------+---------+-------+---------+---------+-------
